 Dungeon Crawl Stone Soup version 0.24.0-123-gd5b16e6ec5 (webtiles) character file.

Game seed: 928211851762083689, levelgen mode: deterministic

241 FishyPogo the Grave Robber (level 5, 0/52 HPs)
             Began as a Demonspawn Necromancer on Jan 11, 2020.
             Was a Follower of Sif Muna.
             Succumbed to a goblin's poison
             ... on level 4 of the Dungeon.
             The game lasted 00:12:04 (3603 turns).

FishyPogo the Grave Robber (Demonspawn Necromancer) Turns: 3603, Time: 00:12:04

Health: 0/52       AC: 22    Str:  8    XL:     5   Next: 80%
Magic:  10/10      EV:  2    Int: 18    God:    Sif Muna [*.....]
Gold:   212        SH:  0    Dex: 13    Spells: 3/11 levels left

rFire    . . .     SeeInvis .   e - +2 hand axe (freeze)
rCold    . . .     Gourm    .   (no shield)
rNeg     + + +     Faith    .   (armour currently unavailable)
rPois    +         Spirit   .   (helmet currently unavailable)
rElec    .         Reflect  .   (cloak currently unavailable)
rCorr    .         Harm     .   (gloves currently unavailable)
MR       .....     NoTele   +   (boots currently unavailable)
Stlth    ++........             w - amulet of rage
HPRegen  0.17/turn              (no ring)
MPRegen  0.12/turn              (no ring)

@: lethally poisoned (0 -> -16), tree-form
A: rot immunity
a: Channel Magic, Renounce Religion, Evoke Berserk Rage


You were on level 4 of the Dungeon.
You worshipped Sif Muna.
Sif Muna was aware of your devotion.
You were not hungry.
You were a tree.
You visited 1 branch of the dungeon, and saw 4 of its levels.

You collected 212 gold pieces.

Inventory:

Hand Weapons
 e - a +2 hand axe of freezing (weapon)
Missiles
 i - 4 atropa-tipped darts
 j - 103 stones (quivered)
 r - 23 poisoned darts
Armour
 a - a +0 robe (melded)
Jewellery
 w - an amulet of rage (around neck)
Scrolls
 b - 3 scrolls of enchant weapon {unknown}
 d - 5 scrolls of identify {unknown}
 f - a scroll of remove curse {unknown}
 k - 2 scrolls of blinking {unknown}
 l - a scroll of amnesia {unknown}
 m - a scroll of fear {unknown}
 o - a scroll of random uselessness {unknown}
 p - a scroll of fog {unknown}
 s - 2 scrolls of teleportation {unknown}
 t - 2 scrolls of immolation {unknown}
 x - a scroll of enchant armour {unknown}
Potions
 h - a potion of brilliance {unknown}
 n - a potion of flight
 q - a potion of haste {unknown}
 u - a potion of degeneration {unknown}
 A - a potion of cancellation {unknown}
 B - a potion of agility {unknown}
Comestibles
 c - 6 rations
 v - 5 chunks of flesh


   Skills:
 - Level 2.0 Axes
 + Level 2.9 Dodging
 - Level 2.0 Stealth
 * Level 3.8 Spellcasting
 + Level 5.2 Necromancy


You had 3 spell levels left.
You knew the following spells:

 Your Spells              Type           Power        Failure   Level  Hunger
a - Pain                  Necr           ###.         1%          1    None
c - Vampiric Draining     Necr           ###.......   5%          3    ###....
h - Regeneration          Chrm/Necr      ##........   16%         3    ###....
y - Animate Skeleton      Necr           N/A          1%          1    None

Your spell library contained the following spells:

 Spells                   Type           Power        Failure   Level  Hunger
 Animate Dead             Necr           N/A          17%         4    ####...


Dungeon Overview and Level Annotations

Branches:
Dungeon (4/15)
 Temple: D:4-7

Altars:
Kikubaaqudgha
Makhleb
Nemelex Xobeh
Sif Muna
Uskayaw
Vehumet
Beogh

Annotations:
D:3 3 runed translucent doors, luthanos's ghost, amateur GrFE


Innate Abilities, Weirdness & Mutations

((You are partially covered in iridescent scales. (AC +2)))
You are immune to rotting.


Message History

An orc comes into view. It is wielding a +0 flail of draining.
You hear a shout! x2
You see here a stone.
It was a potion of flight.
You feel very buoyant.
You fly up into the air.
* * * LOW HITPOINT WARNING * * *
You feel sick.
The goblin no longer looks unusually strong.
The goblin barely misses you. The goblin hits you with a +0 club.
* * * LOW HITPOINT WARNING * * *
Unknown command.
It was a potion of lignification.
You turn into a tree.
Your +0 robe melds into your body.
Your roots penetrate the ground.
* * * LOW HITPOINT WARNING * * *
You feel sick. The goblin hits you but does no damage.
You are more poisoned.
The goblin hits you but does no damage.
It was a potion of magic.
Magic courses through your body.
You die...

.# ...#### .# ##..
.#### #. ### ###.#
#.##.. # #.# #.##.#
#.# #.##o# ###.####
#.##o# .......#
#.##g#
###.##.######.##♣#.#
...........)...g.).#
###....Z......####.#
.........####.# .#
###..###.# #.# #
###..###.####.# ..
..............##....
###..................
###..##..............


You could see 2 orcs and 2 goblins.

Vanquished Creatures
  A jelly (D:3)
  An iguana (D:4)
  An orc wizard (D:4)
  A worker ant (D:4)
  Robin (D:4)
  4 adders
  An ooze (D:3)
  A worm (D:2)
  A dart slug (D:1)
  2 leopard geckos
  8 orcs
  6 bats
  13 giant cockroaches
  9 goblins
  4 hobgoblins
  4 jackals (D:1)
  4 kobolds
  A quokka (D:4)
  2 ball pythons (D:1)
  A frilled lizard (D:1)
  A leopard gecko skeleton (D:4)
  3 rats
70 creatures vanquished.

Vanquished Creatures (collateral kills)
  A giant cockroach (D:3)
  A hobgoblin (D:2)
  2 bats
  A kobold (D:2)
5 creatures vanquished.

Grand Total: 75 creatures vanquished

Notes
Turn   | Place    | Note
-------+----------+-------------------------------------------
     0 | D:1      | FishyPogo the Demonspawn Necromancer began the quest for
                  | the Orb.
     0 | D:1      | Reached XP level 1. HP: 13/13 MP: 3/3
   109 | D:1      | Learned a level 1 spell: Animate Skeleton
   480 | D:1      | Gained mutation: You are partially covered in iridescent
                  | scales. (AC +2) [demonic ancestry]
   480 | D:1      | Reached XP level 2. HP: 13/19 MP: 5/5
  1441 | D:2      | Found a shimmering blue altar of Sif Muna.
  1444 | D:2      | Became a worshipper of Sif Muna the Loreminder
  1447 | D:2      | Found a burning altar of Makhleb.
  1448 | D:2      | Found a radiant altar of Vehumet.
  1489 | D:2      | Reached XP level 3. HP: 22/24 MP: 2/6
  1580 | D:2      | Reached skill level 1 in Axes
  1606 | D:2      | Learned a level 3 spell: Vampiric Draining
  1730 | D:2      | Found a sparkling altar of Nemelex Xobeh.
  1768 | D:2      | Found a hide-covered altar of Uskayaw.
  2061 | D:2      | Reached XP level 4. HP: 29/30 MP: 0/8
  2600 | D:3      | Reached * piety under Sif Muna
  2760 | D:3      | Found a runed translucent gate.
  2761 | D:3      | Found a runed translucent gate.
  2762 | D:3      | Found a runed translucent gate.
  2763 | D:3      | Noticed luthanos's ghost (amateur GrFE)
  2767 | D:3      | Found a roughly hewn altar of Beogh.
  2770 | D:3      | Identified the +4 short sword "Fewosh" {pierce, rPois rF+
                  | MR-}
  2866 | D:3      | Learned a level 3 spell: Regeneration
  3202 | D:4      | Gained mutation: You are immune to rotting. [demonic
                  | ancestry]
  3202 | D:4      | Reached XP level 5. HP: 34/35 MP: 6/9
  3242 | D:4      | Reached skill level 5 in Necromancy
  3478 | D:4      | Found an ancient bone altar of Kikubaaqudgha.
  3588 | D:4      | Noticed Robin
  3597 | D:4      | Killed Robin
  3601 | D:4      | HP: 1/35 [goblin/+0 club[Robin] (3)]
  3603 | D:4      | Succumbed to a goblin's poison

Levels and vault maps discovered:
D:1:      sevenhm_arrival_forest_fort_large_2, layout_loops_ring,
          minmay_pentomino_p4
D:2:      layout_rooms, minitemple, nemelex_xobeh_ov_fountains_minmay,
          lemuel_round_altar, serial_bayou_pond_d, columned_hall_lemuel
D:3:      minmay_roachtagon, layout_loops_corners, first_ration,
          biasface_ghost_orc_armoury, minmay_door_square, eino_tiny_chamber
D:4:      layout_basic, lemuel_round_altar, doesnt_xom_only_xom, uniq_robin

Skill      XL: |  1  2  3  4  5 |
---------------+----------------+-----
Stealth        | 2 |  2.0
Dodging        | 2 |  2.9
Axes           | 1 2 |  2.0
Spellcasting   | 3 |  3.8
Necromancy     | 5 |  5.2

Action                   |  1- 3 |  4- 6 || total
-------------------------+-------+-------++-------
Melee: Hand axe          |    64 |    69 ||   133
       Unarmed           |     3 |       ||     3
Throw: Stone             |     1 |     2 ||     3
 Cast: Pain              |    36 |    41 ||    77
       Animate Skeleton  |    11 |     4 ||    15
       Vampiric Draining |     3 |     3 ||     6
  Use: Potion            |       |     3 ||     3
 Stab: Distracted        |     1 |       ||     1
       Sleeping          |     1 |       ||     1
  Eat: Chunk             |     4 |     6 ||    10
Armor: Robe              |    25 |    21 ||    46
       Skin              |       |     2 ||     2
Dodge: Dodged            |    50 |    65 ||   115
